 Dungeon Crawl Stone Soup version bcrawl-1.21.3-16-g7f46a08de7 (console) character file.

Game seed: 3900142619970276408

92 walterwhite the Sneak (level 4, -3/27 HPs)
             Began as a Skeleton Archaeologist on Apr 28, 2020.
             Slain by a gnoll (5 damage)
             ... on level 2 of the Dungeon.
             The game lasted 00:06:53 (2880 turns).

walterwhite the Sneak (Skeleton Archaeologist)      Turns: 2880, Time: 00:06:54

Health: -3/27      AC: 11    Str: 16 (18) XL:     4   Next: 35%
Magic:  0/5        EV:  8    Int: 13      God:
Gold:   106        SH:  0    Dex:  6 (7)  Spells: 3/3 levels left

rFire    . . .     SeeInvis .   a - +0 mace
rCold    + . .     Gourm    .   (no shield)
rNeg     + + +     Faith    .   F - +0 chain mail
rPois    ∞         Spirit   +   B - +1 hat
rElec    .         Reflect  .   (no cloak)
rCorr    .         Harm     .   (no gloves)
MR       .....                  D - +1 pair of boots
Stlth    ..........             (no amulet)
HPRegen  0.09/turn              (no ring)
MPRegen  0.09/turn              (no ring)

@: no status effects
A: no food or potions, cold resistance 1, deterioration 1, negative energy
resistance 3, torment resistance, unbreathing, magic shield, sturdy frame 1,
spell healing
a: no special abilities


You were on level 2 of the Dungeon.
You were not hungry.

You visited 1 branch of the dungeon, and saw 3 of its levels.

You collected 106 gold pieces.

Inventory:

Hand Weapons
 a - a +0 mace (weapon)
 e - a +0 whip
 h - a +0 hand axe
Missiles
 c - 22 tomahawks (quivered)
Armour
 B - a +1 hat (worn)
 D - a +1 pair of boots (worn)
 F - a +0 chain mail (worn)
Scrolls
 b - 2 scrolls of identify {unknown}
 d - a scroll of fog {unknown}
 g - 3 scrolls of immolation {unknown}
 k - 2 scrolls of magic mapping
Miscellaneous
 f - a dusty tome


   Skills:
 + Level 2.3 Fighting
 - Level 1.2 Maces & Flails
 + Level 1.0 Throwing
 + Level 2.1 Armour
 - Level 3.0 Dodging
 - Level 3.6 Stealth
 + Level 1.9 Evocations


You had 3 spell levels left.
You didn't know any spells.
Your spell library was empty.

Dungeon Overview and Level Annotations

Branches:
Dungeon (3/12)

Altars:

Annotations:
D:2 1 exclusion


Innate Abilities, Weirdness & Mutations

You do not eat or drink.
You are immune to poison.
Your flesh is cold resistant. (rC+)
Your body sometimes deteriorates upon taking damage.
You are immune to negative energy. (rN+++)
You are immune to unholy pain and torment.
You can survive without breathing.
When hurt, damage is shared between your health and your magic reserves.
Your movements are slightly less encumbered by armour. (ER -2)
Casting spells heals you.


Message History

There is a stone staircase leading down here.
Press: ? - help, v - describe, . - travel A rock wall.
Pillar chosen.
Step on one of the excluded tiles and press space to continue.
Really walk into a travel-excluded area?
Okay, then.
Really walk into a travel-excluded area?
Starting manual walk.
Press: ? - help, v - describe, . - travel
Here: a gnoll (severely wounded)
The floor.
Unknown command.
You barely miss the gnoll.
The gnoll is severely wounded.
The gnoll hits you.
* * * LOW HITPOINT WARNING * * *
You hit the gnoll but do no damage.
The gnoll is severely wounded.
The gnoll hits you.
You die...

##########
#.....@g.#
#######
#.######.#
#.....## #.#
#.# #.###...
#.# #.# #.#
#### #.# #.#
#.#
#.######.#
#.#
###.....##.#
#.#
#.......##.#
#.#
#>####..##.#
#.#


You could see a gnoll.

Vanquished Creatures
  3 gnolls
  2 worms
  3 dart slugs
  2 leopard geckos
  5 bats
  9 hobgoblins
  2 jackals (D:2)
  7 kobolds
  6 goblins
  7 rats
46 creatures vanquished.

Notes
Turn   | Place    | Note
-------+----------+-------------------------------------------
     0 | D:1      | walterwhite the Skeleton Archaeologist began the quest for
                  | the Orb.
     0 | D:1      | Reached XP level 1. HP: 12/12 MP: 1/1
   284 | D:1      | Reached XP level 2. HP: 12/16 MP: 2/2
   367 | D:1      | Reached skill level 1 in Armour
   512 | D:1      | Reached skill level 1 in Evocations
  1350 | D:2      | Reached XP level 3. HP: 21/21 MP: 3/3
  1366 | D:2      | Noticed a sky beast
  2635 | D:2      | Reached XP level 4. HP: 17/26 MP: 2/5
  2823 | D:3      | Reached skill level 1 in Throwing
  2880 | D:2      | Slain by a gnoll

Skill      XL: |  1  2  3  4 |
---------------+-------------+-----
Armour         | 1 2 |  2.1
Evocations     | 1 |  1.9
Fighting       | 2 |  2.3
Throwing       | 1 |  1.0
Maces & Flails | |  1.2
Dodging        | |  3.0
Stealth        | |  3.6

Action                   |  1- 3 |  4- 6 || total
-------------------------+-------+-------++-------
Melee: Whip              |    71 |       ||    71
       Mace              |   130 |    26 ||   156
Throw: Tomahawk          |     3 |    17 ||    20
 Stab: Sleeping          |     1 |       ||     1
Armor: Chain mail        |   111 |    19 ||   130
       Robe              |    10 |       ||    10
Dodge: Dodged            |   107 |    18 ||   125
